 Dungeon Crawl Stone Soup version 0.27-a0-633-gc6addc0a40 (webtiles) character file.

Game seed: 4049827405856222771

445 siradein the Slasher (level 6, -6/44 HPs)
             Began as a Vampire Gladiator on Mar 14, 2021.
             Mangled by an orc wizard
             ... wielding a +2 dagger of electrocution
              (19 damage)
             ... on level 5 of the Dungeon.
             The game lasted 00:15:30 (4080 turns).

siradein the Slasher (Vampire Gladiator)            Turns: 4080, Time: 00:15:30

Health: -6/44      AC: 11    Str: 14    XL:     6   Next: 72%
Magic:  6/6        EV:  4    Int: 11    God:
Gold:   223        SH:  0    Dex: 16    Spells: 5/5 levels left

rFire    . . .     SeeInvis +   o - +1 short sword (elec)
rCold    . . .     Faith    .   (no shield)
rNeg     + . .     Spirit   .   v - +0 plate armour
rPois    .         Reflect  .   c - +0 helmet
rElec    .         Harm     .   (no cloak)
rCorr    .         Rampage  .   (no gloves)
Will     .....                  (no boots)
Stlth    ..........             (no amulet)
HPRegen  0.34/turn              j - ring of positive energy
MPRegen  0.10/turn              (no ring)

@: regenerating quickly
A: alive, fangs 3, see invisible, unbreathing 1, vampiric 2
a: Exsanguinate


You were on level 5 of the Dungeon.
You visited 1 branch of the dungeon, and saw 5 of its levels.
You also visited: Sewer.

You collected 223 gold pieces.

Inventory:

Hand Weapons
 a - a +0 long sword
 n - a +1 dagger of venom
 o - a +1 short sword of electrocution (weapon)
Missiles
 d - 3 throwing nets (quivered)
 f - 2 boomerangs of dispersal
 h - 7 silver javelins
 s - 6 poisoned darts
 t - a curare-tipped dart
Armour
 c - a +0 helmet (worn)
 v - a +0 plate armour (worn)
Jewellery
 j - a ring of positive energy (right hand)
Scrolls
 e - a scroll of immolation {unknown}
 g - 2 scrolls of amnesia {unknown}
 i - 3 scrolls of magic mapping {unknown}
 k - 3 scrolls of teleportation
 l - a scroll of fog {unknown}
 u - a scroll of fear {unknown}
Potions
 b - a potion of flight
 m - 4 potions of curing
 p - a potion of magic
 q - 3 potions of might
 r - a potion of heal wounds


   Skills:
 - Level 1.7 Fighting
 + Level 7.7 Long Blades
 - Level 1.5 Throwing
 - Level 3.2 Dodging


You had 5 spell levels left.
You didn't know any spells.
Your spell library was empty.

Dungeon Overview and Level Annotations

Branches:
Dungeon (5/15)              Sewer (visited)
 Temple: D:4-7

Altars:
Dithmenos
Kikubaaqudgha

Annotations:
D:3 2 transporters, srzhan31's ghost, amateur GrCj


Innate Abilities, Weirdness & Mutations

Your natural rate of healing is unusually fast.
You have razor-sharp teeth.
You have supernaturally acute eyesight. (SInv)
You can survive without breathing.
You are afflicted with vampirism and can become a bat while bloodless.


Message History

a +0 dagger; an orc corpse You hit the orc wizard.
The orc wizard is lightly wounded.
The orc wizard hits you but does no damage.
You hit the orc wizard.
The orc wizard is lightly wounded.
The orc wizard hits you with a +0 dagger.
You hit the orc wizard.
The orc wizard is moderately wounded.
The orc wizard hits you but does no damage.
You hit the orc wizard.
Lightning courses through the orc wizard!
You kill the orc wizard!
The orc hits you but does no damage.
You closely miss the orc.
The orc hits you with a +2 mace of protection.
You hit the orc. Lightning courses through the orc!
You kill the orc!
The orc hits you but does no damage.
You hit the orc. Lightning courses through the orc!
You kill the orc!
The orc wizard hits you but does no damage.
Things that are here:
a +0 hand axe; a +0 dagger; an orc corpse You hit the orc wizard but do no damage.
Your bite misses the orc wizard.
The orc wizard hits you but does no damage.
You are electrocuted!!
* * * LOW HITPOINT WARNING * * *
You hit the orc wizard.
Lightning courses through the orc wizard!
You bite the orc wizard, but do no damage.
The orc wizard is almost dead.
The orc wizard hits you with a +2 dagger of electrocution.
* * * LOW HITPOINT WARNING * * *
Your plate armour prevents you from hitting the orc wizard.
The orc wizard is almost dead.
The orc wizard hits you but does no damage.
You are electrocuted!!
You die...

.........## .#.....[.
........ ...... #....
...#### . #o....#..
####@###....
#####..........#
...............## .#
#####..(.#.........
.####................###
..................#...#
......
#..........###...##
....# #..........# ##...
....# #..........# .....


You could see an orc wizard.

Vanquished Creatures
  A kobold brigand (Sewer)
  2 orc priests
  2 orc wizards
  A worker ant (D:4)
  9 adders
  2 river rats (Sewer)
  An ooze (Sewer)
  5 worms
  13 leopard geckos
  5 orcs
  5 bats
  10 giant cockroaches
  9 hobgoblins
  12 jackals
  2 quokkas
  4 ball pythons
  11 frilled lizards
  6 goblins
  12 kobolds
  9 rats
121 creatures vanquished.

Vanquished Creatures (others)
  5 plants (D:1)
5 creatures vanquished.

Grand Total: 126 creatures vanquished

Notes
Turn   | Place    | Note
-------+----------+-------------------------------------------
     0 | D:1      | siradein the Vampire Gladiator began the quest for the Orb.
     0 | D:1      | Reached XP level 1. HP: 16/16 MP: 1/1
   170 | D:1      | Reached XP level 2. HP: 22/22 MP: 2/2
   462 | D:1      | Reached skill level 4 in Long Blades
   576 | D:1      | Gained mutation: You are afflicted with vampirism and can
                  | become a bat while bloodless. [Vampire growth]
   576 | D:1      | Reached XP level 3. HP: 27/27 MP: 3/3
  1375 | D:2      | Reached skill level 5 in Long Blades
  1375 | D:2      | Reached XP level 4. HP: 33/33 MP: 4/4
  1764 | D:3      | Found a transporter.
  1807 | D:3      | Noticed srzhan31's ghost (amateur GrCj)
  1909 | D:3      | Found a transporter.
  2475 | D:4      | Reached XP level 5. HP: 30/38 MP: 5/5
  2550 | D:4      | Reached skill level 6 in Long Blades
  2597 | D:4      | Found a shadowy altar of Dithmenos.
  2785 | D:4      | Found a glowing drain.
  2798 | Sewer    | Entered a sewer
  3205 | Sewer    | Reached skill level 7 in Long Blades
  3205 | Sewer    | Reached XP level 6. HP: 31/44 MP: 6/6
  3975 | D:5      | Entered Level 5 of the Dungeon
  3978 | D:5      | Found an ancient bone altar of Kikubaaqudgha.
  4080 | D:5      | Mangled by an orc wizard

Illustrated notes

Levels and vault maps discovered:
D:1:      dpeg_arrival_prison, layout_loops_ring, minmay_lizard_king
D:2:      layout_loops_cross, kennysheep_crisscross, st_stairs_5,
          grunt_ministairs_10
D:3:      kennysheep_big_flooded_room, layout_basic, gammafunk_ghost_mausoleum
D:4:      layout_gridville, nicolae_dithmenos_shadow_blocks,
          portal_sewer_entry_f
D:5:      layout_rooms, nzn_overflow_gifts_of_might_and_magic,
          kiku_gazebo_garden_becter, uniq_edmund

Skill      XL: |  1  2  3  4  5 |
---------------+----------------+-----
Long Blades    | 4 5 7 |  7.7
Fighting       | |  1.7
Throwing       | |  1.5
Dodging        | |  3.2

Action                   |  1- 3 |  4- 6 || total
-------------------------+-------+-------++-------
Melee: Long sword        |    83 |       ||    83
       Bite              |     7 |    30 ||    37
       Dagger            |    38 |   205 ||   243
       Short sword       |       |    32 ||    32
  Use: Scroll            |       |     4 ||     4
       Potion            |       |     5 ||     5
Armor: Leather armour    |    15 |       ||    15
       Scale mail        |    33 |       ||    33
       Chain mail        |     2 |    92 ||    94
       Plate armour      |       |    17 ||    17
Dodge: Dodged            |    71 |    49 ||   120
       Rpst.: Long sword |    12 |       ||    12

Table legend: (Time is in decaauts)
 A = Elapsed time spent in this place.
 B = Non-inter-level travel time spent in this place.
 C = Inter-level travel time spent in this place.
 D = Time resting spent in this place.
 E = Time spent auto-exploring this place.
 F = Levels seen in this place.
 G = Mean time per level.
                   A        B        C        D        E       F      G
               +--------+--------+--------+--------+--------+-----+--------+
         Total |   4157 |   4090 |     67 |     32 |   2678 |   6 |  692.8 |
       Dungeon |   3415 |   3348 |     67 |      4 |   2338 |   5 |  683.0 |
         Sewer |    741 |    741 |      0 |     28 |    340 |   1 |  741.0 |
               +--------+--------+--------+--------+--------+-----+--------+

Top non-repeatable levels by time:
     D:1: 894 daAuts
     D:4: 866 daAuts
     D:2: 855 daAuts
   Sewer: 741 daAuts
     D:3: 697 daAuts
     D:5: 101 daAuts
